AoeStats
← Landlord of Lead

Hideout

509928853Analyzed
1v1 RM · 2d ago on Sep 28, 2026· 30m 58s· 2 players
Game mode
Random Map
Map size
Tiny (2 player)
Population
200
Speed
Normal
Resources
Standard
Victory
Conquest
Starting age
Dark Age
Ending age
Imperial Age
RankedLock teamsTeams togetherTeam positionsShared explorationLock speedFull tech treeHidden civsTurbo modeCheats
Victory
Defeat
🇲🇽 Khmer · Mexico
488
+16
🇺🇸 Vikings · United States
478
-16
Landlord of Lead
11:56 Feudal Age
11:24 Loom
11:32 Loom
12:19 Man-at-Arms
13:05 Double-Bit Axe
14:45 Horse Collar
16:06 Stone Mining
marcooo14
8:24 Loom
10:39 Feudal Age
11:06 Double-Bit Axe
11:25 Horse Collar
17:20 Scale Barding Armor
28:53 Castle Age
28:06 Fletching
28:17 Padded Archer Armor
31:11 Wheelbarrow
30:58 Husbandry
Connection lost

Rejoining the realm…

Still unreachable

The connection could not be restored.

Session expired

The server has moved on; the page needs a fresh start.